 Seeded DCSS version 0.30-a0-760-g5a9884bb7c (webtiles) character file.

Game seed: 5430720872467839093 (custom seed)

259 Hubris850 the Insei (level 6, 0/45 HPs)
             Began as an Octopode Transmuter on Feb 10, 2023.
             Slain by a gnoll
             ... wielding a +0 spear
              (5 damage)
             ... on level 3 of the Dungeon.
             The game lasted 00:05:37 (2088 turns).

Hubris850 the Insei (Octopode Transmuter)           Turns: 2088, Time: 00:05:38

Health: 0/45       AC:  7    Str: 15    XL:     6   Next: 17%
Magic:  6/10       EV: 10    Int: 17    God:
Gold:   63         SH:  0    Dex: 13    Spells: 5/10 levels left

rFire   x x .      SeeInvis .      - Unarmed
rCold   + + +      Faith    .    (shield currently unavailable)
rNeg    . . .      Spirit   .    (helmet currently unavailable)
rPois   +          Reflect  .    (no amulet)
rElec   .          Harm     .    k - +6 ring of strength
rCorr   .          Rampage  .    n - ring of ice
Will    ++...                    o - ring of Xoepliekk {Fly Will++}
Stlth   +                        p - ring of protection from cold
HPRegen 0.27/turn                s - ring of wizardry
MPRegen 0.12/turn                (no ring)
                                 (no ring)
                                 (no ring)

@: ice-form, flying
A: freezing attack, boosted hp, almost no armour, amphibious, 8 rings, large,
(camouflage 1), (gelatinous body 1), (nimble swimmer 1), (tentacles)
a: End Transformation


You were on level 3 of the Dungeon.
You were a creature of crystalline ice.
You visited 1 branch of the dungeon, and saw 3 of its levels.

You collected 91 gold pieces.
You spent 28 gold pieces at shops.

Inventory:

Hand Weapons
 b - a +0 short sword
 f - the +3 short sword of the Manifold Quests (melded) {flame, rElec Int+5}
   (You found it on level 3 of the Dungeon)

   Int:       It affects your intelligence (+5).
   rElec:     It insulates you from electricity.
Armour
 m - a +2 kite shield of protection
Jewellery
 k - a +6 ring of strength (left front paw)
 n - a ring of ice (right front paw)
 o - the ring of Xoepliekk (on tentacle) {Fly Will++}
   (You acquired it on level 2 of the Dungeon)

   [ring of flight]

   Fly:       It grants you flight.
   Will:      It greatly increases your willpower.
 p - a ring of protection from cold (on tentacle)
 s - a ring of wizardry (on tentacle)
Wands
 g - a wand of mindburst (13)
Scrolls
 d - a scroll of torment
 e - 2 scrolls of amnesia
 j - a scroll of teleportation {unknown}
 l - a scroll of brand weapon {unknown}
 q - a scroll of fog {unknown}
 r - a scroll of immolation {unknown}
 t - a scroll of enchant armour {unknown}
Potions
 a - 2 potions of lignification
 c - a potion of mutation {unknown}
 h - a potion of attraction {unknown}
 i - 2 potions of curing {unknown}
 u - a potion of ambrosia {unknown}
 v - a potion of degeneration {unknown}


   Skills:
 - Level 1.0 Fighting
 - Level 2.0 Dodging
 - Level 5.1 Unarmed Combat
 + Level 2.9 Spellcasting
 + Level 3.1 Transmutations
 + Level 2.1 Ice Magic


You had 5 spell levels left.
You knew the following spells:

 Your Spells              Type           Power      Damage    Failure   Level
a - Beastly Appendage     Tmut           26%        N/A       1%          1
b - Ice Form              Ice/Tmut       17%        N/A       24%         4

Your spell library contained the following spells:

 Spells                   Type           Power      Damage    Failure   Level
 Wereblood                Tmut           13%        N/A       3%          2
 Spider Form              Tmut/Pois      7%         N/A       12%         3


Dungeon Overview and Level Annotations

Branches:
Dungeon (3/15)

Altars:

Shops:
D:2 ?


Innate Abilities, Weirdness & Mutations

You are a creature of crystalline ice.
You have a powerful freezing melee attack.
Your maximum health is increased.
Your armour is entirely melded.
You are incapable of wielding weapons or throwing items.
You cannot wear most types of armour.
You are amphibious.
You can wear up to eight rings at the same time.
((Your skin changes colour to match your surroundings (Stealth+).))
((Your rubbery body absorbs attacks. (AC +1, EV +1)))
((You are camouflaged when in or above water. (Stealth+)))
((You have tentacles for arms and can constrict up to eight enemies at once.))


Message History

You punch the gnoll! You freeze the gnoll.
You kill the gnoll!
The gnoll hits you from afar with a +0 spear.
* * * LOW HITPOINT WARNING * * *
An adder comes into view.
The gnoll hits you with a +0 spear.
* * * LOW HITPOINT WARNING * * *
Things that are here:
a +0 spear; a gnoll corpse You punch the gnoll!
You freeze the gnoll.
You kill the gnoll!
You have reached level 6!
You punch the giant cockroach! You freeze the giant cockroach.
You kill the giant cockroach!
A ball python comes into view.
The ball python hisses angrily.
A gnoll comes into view. It is wielding a +0 spear.
You punch the gnoll! You freeze the gnoll.
You kill the gnoll!
Your Transmutations skill increases to level 3!
Your Ice Magic skill increases to level 2!
You barely miss the gnoll. The gnoll hits you but does no damage.
You hit the gnoll. You freeze the gnoll.
The gnoll is heavily wounded.
The gnoll closely misses you.
You hit the gnoll. You freeze the gnoll.
You kill the gnoll!
The adder closely misses you.
You punch the adder! You freeze the adder.
You kill the adder!
The gnoll hits you but does no damage.
You barely miss the ball python. The ball python barely misses you.
The gnoll hits you but does no damage.
You barely miss the ball python.
The ball python bites you but does no damage.
The gnoll hits you from afar with a +0 spear.
* * * LOW HITPOINT WARNING * * *
You barely miss the ball python. The ball python closely misses you.
The gnoll hits you from afar with a +0 spear.
You die...

#.#####.##..#..##
#..##.(....##..#
#..###.......##......
#.......#..####.#####.
# ####...##
#..####.###
#......)..#
#...##..#..# #.
##Y##.# #S# g# #.g .
#... . ..... .. ......
....... ##.......


You could see a gnoll and a ball python.

Vanquished Creatures
  A necrophage (D:2)
  An orc priest (D:3)
  An orc wizard (D:3)
  8 gnolls
  2 adders
  3 orcs
  3 bats
  5 endoplasms
  A giant cockroach (D:3)
  4 hobgoblins
  4 jackals (D:1)
  5 kobolds
  2 quokkas (D:1)
  4 ball pythons
  2 frilled lizards
  4 goblins
  2 rats
52 creatures vanquished.

Notes
Turn   | Place    | Note
-------+----------+-------------------------------------------
     0 | D:1      | Hubris850 the Octopode Transmuter began the quest for the
                  | Orb.
     0 | D:1      | Reached XP level 1. HP: 13/13 MP: 3/3
    70 | D:1      | Reached XP level 2. HP: 5/18 MP: 5/5
   638 | D:1      | Reached skill level 4 in Unarmed Combat
   851 | D:1      | Reached XP level 3. HP: 23/23 MP: 6/6
   995 | D:2      | Identified 3 scrolls of acquirement
   995 | D:2      | Acquired a ring of ice
   998 | D:2      | Acquired a +2 kite shield of protection
   999 | D:2      | Acquired the ring of Xoepliekk {Fly Will++}
  1151 | D:2      | Noticed a necrophage
  1157 | D:2      | Killed a necrophage
  1158 | D:2      | Reached skill level 5 in Unarmed Combat
  1158 | D:2      | Reached XP level 4. HP: 28/28 MP: 7/7
  1245 | D:2      | Acquired a ring of wizardry
  1253 | D:2      | Learned a level 4 spell: Ice Form
  1310 | D:2      | Reached XP level 5. HP: 15/33 MP: 8/8
  1581 | D:2      | Reached skill level 1 in Ice Magic
  1611 | D:2      | Found Doddoiw's Magic Scroll Shoppe.
  1619 | D:2      | Bought a scroll of identify for 28 gold pieces
  1986 | D:3      | Identified the +3 short sword of the Manifold Quests
                  | {flame, rElec Int+5}
  2079 | D:3      | Reached XP level 6. HP: 7/38 MP: 5/10
  2088 | D:3      | Slain by a gnoll

Illustrated notes

Levels and vault maps discovered:
D:1:      dpeg_arrival_boxes_within_box, layout_basic
D:2:      layout_loops_ring, serial_shops, shop, nicolae_kite_square_tiling_tiny
D:3:      layout_rooms, okawaru_metal_pillars_3, ebering_ecumenical_altar_rust

Skill      XL: |  1  2  3  4  5  6 |
---------------+-------------------+-----
Unarmed Combat | 4 5 |  5.1
Ice Magic      | 1 2 |  2.1
Transmutations | 3 |  3.1
Fighting       | |  1.0
Dodging        | |  2.0
Spellcasting   | |  2.9

Action                     |  1- 3 |  4- 6 || total
---------------------------+-------+-------++-------
  Melee: Short sword       |    46 |    40 ||    86
         Constrict         |    11 |     9 ||    20
         Tentacles         |    12 |     9 ||    21
         Unarmed           |     1 |    28 ||    29
         Punch             |     3 |     1 ||     4
   Cast: Ice Form          |       |     4 ||     4
    Use: Scroll            |     4 |     3 ||     7
   Stab: Sleeping          |     8 |     3 ||    11
 Armour: Skin              |     3 |    17 ||    20
  Dodge: Dodged            |    31 |    45 ||    76

Table legend: (Time is in decaauts)
 A = Elapsed time spent in this place.
 B = Non-inter-level travel time spent in this place.
 C = Inter-level travel time spent in this place.
 D = Time resting spent in this place.
 E = Time spent auto-exploring this place.
 F = Levels seen in this place.
 G = Mean time per level.
                   A        B        C        D        E       F      G
               +--------+--------+--------+--------+--------+-----+--------+
         Total |   2084 |   1986 |     98 |    376 |   1281 |   3 |  694.7 |
       Dungeon |   2084 |   1986 |     98 |    376 |   1281 |   3 |  694.7 |
               +--------+--------+--------+--------+--------+-----+--------+

Top non-repeatable levels by time:
     D:1: 974 daAuts
     D:2: 952 daAuts
     D:3: 157 daAuts
